 Dungeon Crawl Stone Soup version 0.31-a0-925-g0a390f2509 (webtiles) character file.

Game seed: 10174937737793666258

3749 pokeman the Thaumaturge (level 9, -19/50 HPs)
             Began as a Deep Elf Hedge Wizard on Oct 18, 2023.
             Was a Believer of Vehumet.
             Killed from afar by a gargoyle (26 damage)
             ... with a stone arrow
             ... on level 8 of the Dungeon.
             The game lasted 00:22:40 (8746 turns).

pokeman the Thaumaturge (Deep Elf Hedge Wizard)     Turns: 8746, Time: 00:22:41

Health: -19/50     AC:  8    Str:  7    XL:     9   Next: 93%
Magic:  27/27      EV: 13    Int: 24    God:    Vehumet [**....]
Gold:   361        SH:  0    Dex: 14    Spells: 21/33 levels left

rFire   . . .        a - +2 dagger (venom)
rCold   . . .        (no shield)
rNeg    . . .        b - +0 robe
rPois   .            E - +1 helmet
rElec   .            (no cloak)
rCorr   .            (no gloves)
SInv    +            (no boots)
Will    .....        y - amulet of magic regeneration
Stlth   ++           f - ring of see invisible
HPRegen 0.28/turn    I - +4 ring of protection
MPRegen 0.60/turn

%: no passive effects
@: no status effects
A: no striking features
a: Renounce Religion


You were on level 8 of the Dungeon.
You worshipped Vehumet.
Vehumet was pleased with you.
You visited 2 branches of the dungeon, and saw 9 of its levels.
You also visited: Sewer.

You collected 361 gold pieces.

Inventory:

Hand Weapons
 a - a +2 dagger of venom (weapon)
Armour
 b - a +0 robe (worn)
 p - a scarf of shadows
 E - a +1 helmet (worn)
Jewellery
 f - a ring of see invisible (left hand)
 l - a +6 ring of dexterity
 y - an amulet of magic regeneration (around neck)
 C - a ring of willpower
 H - a +6 ring of intelligence
 I - a +4 ring of protection (right hand)
Wands
 w - a wand of iceblast (4)
 z - a wand of flame (9)
 G - a wand of polymorph (8)
Scrolls
 g - 5 scrolls of vulnerability {unknown}
 h - 2 scrolls of poison {unknown}
 k - 6 scrolls of identify {unknown}
 n - a scroll of fear {unknown}
 q - a scroll of blinking {unknown}
 r - 3 scrolls of acquirement {unknown}
 u - 2 scrolls of teleportation {unknown}
 x - a scroll of revelation {unknown}
 B - a scroll of enchant weapon {unknown}
 D - 2 scrolls of noise {unknown}
 F - a scroll of brand weapon {unknown}
Potions
 c - a potion of mutation {unknown}
 d - a potion of magic
 e - 2 potions of lignification {unknown}
 i - a potion of brilliance {unknown}
 j - a potion of ambrosia {unknown}
 m - 2 potions of curing {unknown}
 o - a potion of berserk rage {unknown}
 s - 5 potions of heal wounds
 t - 3 potions of enlightenment
 v - a potion of invisibility {unknown}
 A - 2 potions of degeneration {unknown}


   Skills:
 + Level 3.0 Fighting
 - Level 4.0 Armour
 - Level 3.0 Dodging
 - Level 3.0 Stealth
 * Level 12.7 Spellcasting
 + Level 8.6 Conjurations
 - Level 1.1 Summonings
 + Level 2.8 Necromancy
 - Level 1.1 Translocations
 - Level 1.0 Air Magic
 - Level 1.0 Poison Magic
 - Level 1.1 Evocations


You had 21 spell levels left.
You knew the following spells:

 Your Spells              Type           Power      Damage    Failure   Level
a - Magic Dart            Conj           100%       1d8       1%          1
b - Mephitic Cloud        Conj/Pois/Air  32%        N/A       2%          3
c - Call Imp              Summ           40%        N/A       3%          2
d - Blink                 Tloc           40%        N/A       3%          2
e - Dispel Undead         Necr           28%        3d13      13%         4

Your spell library contained the following spells:

 Spells                   Type           Power      Damage    Failure   Level
 Poisonous Vapours        Pois/Air       40%        N/A       4%          2
 Kiss of Death            Conj/Necr      100%       2d13      1%          1
 Searing Ray              Conj           100%       2d8       1%          2
 Hailstorm                Conj/Ice       36%        3d9       1%          3
 Cigotuvi's Dreadful Rot  Necr/Pois/Air  46%        N/A       3%          2
 Freeze                   Ice            60%        1d7       4%          1
 Slow                     Hex            60%        N/A       4%          1
 Fulminant Prism          Conj/Hex       18%        3d11      7%          4
 Confusing Touch          Hex            15%        N/A       12%         3
 Frozen Ramparts          Ice            30%        1d5       12%         3


Dungeon Overview and Level Annotations

Branches:
Dungeon (8/15)             Temple (1/1) D:4           Sewer (visited)
   Lair: D:8-11

Altars:
Ashenzari
Cheibriados
Fedhas
Gozag
Hepliaklqana
Kikubaaqudgha
Makhleb
Nemelex Xobeh
Okawaru
Ru
Sif Muna
Trog
Uskayaw
Vehumet
Wu Jian
Yredelemnul
Zin
The Shining One

Shops:
D:4 *

Annotations:
D:6 Mosquitos
D:7 2 runed translucent doors, justen's ghost, novice MfSh
D:8 Gargoyle


Message History

Unknown command.
Casting: Magic Dart (safe; 1% risk of failure)
Confirm with . or Enter, or press ? or * to list all spells.
Aiming: Magic Dart (safe; 1% risk of failure)
Press: ? - help, Shift-Dir - straight line, f/p - gnoll
Aim: a gnoll, wielding a +0 whip (severely wounded, 100% to hit)
The magic dart hits the gnoll.
You kill the gnoll!
Vehumet accepts your kill.
You feel your power returning.
Casting: Magic Dart (safe; 1% risk of failure)
Confirm with . or Enter, or press ? or * to list all spells.
A tiny devil pulls itself out of the air.
Your cerulean imp closely misses the gargoyle.
The gargoyle hurls a stone arrow at you.
The stone arrow misses you.
Your cerulean imp hits the gargoyle but does no damage.
Casting: Call Imp (safe; 3% risk of failure)
Confirm with . or Enter, or press ? or * to list all spells.
You blink.
Your cerulean imp hits the gargoyle but does no damage.
The gargoyle hits you with a +0 mace!
* * * LOW HITPOINT WARNING * * *
Your cerulean imp completely misses the gargoyle.
The gargoyle hurls a stone arrow at you.
The stone arrow hits you!
* * * LOW HITPOINT WARNING * * *
Your cerulean imp hits the gargoyle but does no damage.
The gnoll sergeant closely misses you.
Things that are here:
a +0 flail; a gnoll corpse Your cerulean imp barely misses the gargoyle.
You feel ready to blink again.
Your cerulean imp hits the gargoyle but does no damage.
The gnoll sergeant seems less confused.
Your cerulean imp barely misses the gargoyle.
The gargoyle hurls a stone arrow at you.
The stone arrow hits you!!
Ouch! That really hurt!
You die...

#...... ##.........#.####
#....# #..........# ##...##
#(.........#
#.....###..........#
##............#.####
##....).#.####.......
##..##...#...........
##...##...............
##.#####.#....@....##.
##..................###
##.#......>..[.......g.###
#..#...........##........###
...............##...9..)...#
..########.##..##.....5....#
..# #.....##....##....# ..#
... #....##....# ..#
#..?.##)...#


You could see a gargoyle (ally target), a gnoll sergeant and a friendly cerulean
imp (summoned).

Vanquished Creatures
  4 yaks (D:7)
  Sigmund (D:2)
  2 water moccasins (D:7)
  2 sky beasts
  2 black bears
  3 ice beasts
  A centaur (D:7)
  An ogre (D:5)
  2 kobold brigands (Sewer)
  A necrophage (D:4)
  3 scorpions
  2 bullfrogs
  A water moccasin zombie (D:4)
  9 wights
  2 jellies
  The ghost of Cancer the Digger, a weakling GrEE (D:3)
  A hound (D:7)
  2 orc priests
  2 gnoll boudas
  A human zombie (D:4)
  An iguana (D:5)
  3 sleepcaps
  An orc wizard (D:4)
  A hound zombie (D:4)
  Robin (D:3)
  A howler monkey zombie (D:4)
  4 mummies (D:4)
  7 adders
  2 river rats
  19 gnolls
  2 shadow imps
  A white imp (D:5)
  An adder zombie (D:4)
  3 worms
  2 dart slugs
  12 orcs
  4 ball pythons
  6 endoplasms
  7 giant cockroaches
  17 goblins
  8 hobgoblins
  5 jackals
  8 quokkas
  4 bats
  4 frilled lizards
  13 kobolds
  27 rats
207 creatures vanquished.

Vanquished Creatures (collateral kills)
  A wight (D:4)
  An orc (D:4)
2 creatures vanquished.

Vanquished Creatures (others)
  An orc (D:8)
1 creature vanquished.

Grand Total: 210 creatures vanquished

Notes
Turn   | Place    | Note
-------+----------+-------------------------------------------
     0 | D:1      | pokeman the Deep Elf Hedge Wizard began the quest for the
                  | Orb.
     0 | D:1      | Reached XP level 1. HP: 10/10 MP: 7/7
   435 | D:1      | Reached XP level 2. HP: 15/15 MP: 3/9
  1159 | D:1      | Reached skill level 5 in Spellcasting
  1574 | D:2      | Reached XP level 3. HP: 20/20 MP: 3/11
  1578 | D:2      | Learned a level 3 spell: Mephitic Cloud
  1581 | D:2      | Learned a level 2 spell: Call Imp
  1584 | D:2      | Learned a level 2 spell: Blink
  1864 | D:2      | Reached skill level 1 in Armour
  2090 | D:2      | Noticed Sigmund
  2099 | D:2      | Killed Sigmund
  2100 | D:2      | Reached XP level 4. HP: 19/24 MP: 10/13
  2100 | D:2      | Reached XP level 5. HP: 22/28 MP: 10/14
  2439 | D:2      | Reached skill level 5 in Conjurations
  2508 | D:2      | Reached skill level 1 in Fighting
  2971 | D:3      | Found a runed translucent door.
  2974 | D:3      | Noticed Cancer's ghost (weakling GrEE)
  3001 | D:3      | Reached XP level 6. HP: 34/34 MP: 10/16
  3119 | D:3      | Noticed Robin
  3134 | D:3      | Killed Robin
  3572 | D:3      | Found a faded altar of an unknown god.
  3582 | D:3      | Found an ancient bone altar of Kikubaaqudgha.
  3753 | D:3      | Killed Cancer's ghost
  3754 | D:3      | Reached skill level 6 in Spellcasting
  4177 | D:4      | Found Baapio's Overcharged Wands.
  4202 | D:4      | Reached skill level 1 in Poison Magic
  4227 | D:4      | Reached skill level 1 in Air Magic
  4276 | D:4      | Reached XP level 7. HP: 23/38 MP: 14/19
  4387 | D:4      | Reached skill level 1 in Evocations
  4471 | D:4      | Found a staircase to the Ecumenical Temple.
  4478 | Temple   | Entered the Ecumenical Temple
  4489 | Temple   | Became a worshipper of Vehumet
  4610 | D:4      | Found a basalt altar of Yredelemnul.
  4621 | D:4      | Reached skill level 7 in Spellcasting
  5153 | D:5      | Entered Level 5 of the Dungeon
  5181 | D:5      | Reached skill level 8 in Spellcasting
  5314 | D:5      | Reached XP level 8. HP: 31/44 MP: 19/22
  5370 | D:5      | Found a glowing drain.
  5386 | Sewer    | Entered a sewer
  5497 | Sewer    | Reached * piety under Vehumet
  5497 | Sewer    | Offered knowledge of Kiss of Death by Vehumet.
  5512 | Sewer    | Reached skill level 9 in Spellcasting
  5541 | Sewer    | Found a white marble altar of Elyvilon.
  5804 | D:5      | Found an opulent altar of Gozag.
  6229 | D:6      | Reached skill level 10 in Spellcasting
  7181 | D:6      | Reached XP level 9. HP: 46/47 MP: 22/25
  7382 | D:7      | Reached skill level 11 in Spellcasting
  7407 | D:7      | Found a large runed translucent door.
  7407 | D:7      | Found a large runed translucent door.
  7830 | D:7      | Offered knowledge of Poisonous Vapours by Vehumet.
  7850 | D:7      | Reached ** piety under Vehumet
  8025 | D:7      | Learned a level 4 spell: Dispel Undead
  8163 | D:7      | Noticed justen's ghost (novice MfSh)
  8196 | D:8      | Noticed a gargoyle
  8201 | D:8      | Reached skill level 12 in Spellcasting
  8201 | D:8      | Reached skill level 1 in Necromancy
  8746 | D:8      | Killed from afar by a gargoyle

Illustrated notes

Levels and vault maps discovered:
D:1:      dpeg_arrival_solitude, layout_basic, serial_bayou_pond_c,
          kennysheep_nondescript
D:2:      layout_loops_ring, minmay_goblin_kobold_house, uniq_sigmund
D:3:      layout_rooms, nicolae_overflow_ecumenical_swirl,
          ebering_ghost_sewer_d, minmay_rat_hole, uniq_robin
D:4:      layout_cave_pools, lemuel_mausoleum_altar_yredelemnul,
          minmay_temple_entry_enclosed_plants, nicolae_shop_overcharged_wands
D:5:      layout_rooms, marbit_many_paths, gup_sewer_entry_bubbles
D:6:      layout_basic, patterned_corridor
D:7:      layout_basic, ebering_ghost_disaster_area, minmay_diced_spiral
D:8:      layout_rooms, small_statue_intersection, nicolae_two_hexagons,
          minmay_diamond_spiral
Temple:   nicolae_temple_bog_church

Skill      XL: |  1  2  3  4  5  6  7  8  9 |
---------------+----------------------------+-----
Spellcasting   | 5 6 8 10 12 | 12.7
Armour         | 1 3 4 |  4.0
Conjurations   | 4 5 6 7 8 |  8.6
Fighting       | 1 2 3 |  3.0
Dodging        | 3 |  3.0
Stealth        | 3 |  3.0
Poison Magic   | 1 |  1.0
Air Magic      | 1 |  1.0
Evocations     | 1 |  1.1
Necromancy     | 2 |  2.8
Summonings     | |  1.1
Translocations | |  1.1

Action                     |  1- 3 |  4- 6 |  7- 9 || total
---------------------------+-------+-------+-------++-------
  Melee: Dagger            |     8 |    61 |    89 ||   158
         Morningstar       |       |       |    25 ||    25
         Punch             |       |       |     3 ||     3
   Cast: Magic Dart        |    95 |   163 |   343 ||   601
         Mephitic Cloud    |     1 |     9 |    34 ||    44
         Call Imp          |       |     2 |    14 ||    16
         Blink             |       |       |     5 ||     5
   Stab: Confused          |     2 |     3 |    19 ||    24
         Distracted        |       |     1 |     1 ||     2
 Armour: Robe              |     7 |    47 |   119 ||   173
  Dodge: Dodged            |     7 |    62 |   131 ||   200

Table legend: (Time is in decaauts)
 A = Elapsed time spent in this place.
 B = Non-inter-level travel time spent in this place.
 C = Inter-level travel time spent in this place.
 D = Time resting spent in this place.
 E = Time spent auto-exploring this place.
 F = Levels seen in this place.
 G = Mean time per level.
                   A        B        C        D        E       F      G
               +--------+--------+--------+--------+--------+-----+--------+
         Total |   8822 |   8400 |    422 |    673 |   5978 |  10 |  882.2 |
       Dungeon |   8578 |   8166 |    412 |    673 |   5822 |   8 | 1072.2 |
        Temple |     22 |     12 |     10 |      0 |      0 |   1 |   22.0 |
         Sewer |    221 |    221 |      0 |      0 |    156 |   1 |  221.0 |
               +--------+--------+--------+--------+--------+-----+--------+

Top non-repeatable levels by time:
     D:1: 1450 daAuts
     D:7: 1321 daAuts
     D:3: 1299 daAuts
     D:2: 1200 daAuts
     D:4: 1191 daAuts
     D:6: 1126 daAuts
     D:5: 844 daAuts
   Sewer: 221 daAuts
     D:8: 143 daAuts
  Temple: 22 daAuts
